 Dungeon Crawl Stone Soup version 0.29.1-13-g9f3cf754e1 (webtiles) character file.

Game seed: 5410902125257078113

105 croobank the Chiller (level 4, 0/32 HPs)
             Began as a Gnoll Ice Elementalist on Feb 10, 2023.
             Slain by Grinder (5 damage)
             ... on level 3 of the Dungeon.
             The game lasted 00:07:07 (2878 turns).

croobank the Chiller (Gnoll Ice Elementalist)       Turns: 2878, Time: 00:07:08

Health: 0/32       AC: 10    Str:  7    XL:     4   Next: 81%
Magic:  2/11       EV: 13    Int: 17    God:
Gold:   81         SH:  0    Dex: 12    Spells: 6/13 levels left

rFire   . . .      SeeInvis .   j - +3 war axe (vorpal)
rCold   . . .      Faith    .   (no shield)
rNeg    . . .      Spirit   .   i - +0 robe
rPois   .          Reflect  .   (no helmet)
rElec   .          Harm     .   (no cloak)
rCorr   .          Rampage  .   m - +0 pair of gloves
Will    .....                   (no boots)
Stlth   +++.......              (no amulet)
HPRegen 0.10/turn               (no ring)
MPRegen 0.12/turn               (no ring)

@: ice-armoured, freezing walls
A: fangs 1, strong nose, distributed training
a: no special abilities


You were on level 3 of the Dungeon.
You visited 1 branch of the dungeon, and saw 3 of its levels.

You collected 81 gold pieces.

Inventory:

Hand Weapons
 a - the +6 dagger of Compulsion {vorpal, Int+5 Dex+4}
   (You found it on level 2 of the Dungeon)

   It inflicts extra damage upon your enemies.
   Int:       It affects your intelligence (+5).
   Dex:       It affects your dexterity (+4).
 j - a +3 vorpal war axe (weapon)
 n - a +1 dagger of flaming
 t - a +2 dagger of draining
Missiles
 g - 3 poisoned darts (quivered)
Armour
 i - a +0 robe (worn)
 m - a +0 pair of gloves (worn)
Jewellery
 o - a ring of willpower
Scrolls
 f - 2 scrolls of vulnerability
 h - 2 scrolls of identify
Potions
 b - a potion of magic
 c - a potion of flight
 d - 2 potions of degeneration {unknown}
 e - a potion of heal wounds {unknown}
 k - a potion of attraction {unknown}
 l - a potion of brilliance {unknown}
 u - a potion of might


   Skills:
 + Level 1.3 Fighting
 + Level 1.3 Short Blades
 + Level 1.3 Long Blades
 + Level 1.3 Axes
 + Level 1.3 Maces & Flails
 + Level 1.3 Polearms
 + Level 1.3 Staves
 + Level 1.3 Ranged Weapons
 + Level 1.3 Throwing
 + Level 1.3 Armour
 + Level 4.7 Dodging
 + Level 4.3 Stealth
 + Level 1.3 Shields
 + Level 1.3 Unarmed Combat
 + Level 5.1 Spellcasting
 + Level 1.0 Conjurations
 + Level 1.0 Hexes
 + Level 1.0 Summonings
 + Level 1.0 Necromancy
 + Level 1.0 Translocations
 + Level 1.0 Transmutations
 + Level 1.0 Fire Magic
 + Level 7.1 Ice Magic
 + Level 1.0 Air Magic
 + Level 1.0 Earth Magic
 + Level 1.0 Poison Magic
 + Level 1.4 Invocations
 + Level 1.3 Evocations


You had 6 spell levels left.
You knew the following spells:

 Your Spells              Type           Power      Damage    Failure   Level
a - Freeze                Ice            100%       1d11      1%          1
b - Frozen Ramparts       Ice            56%        1d9       2%          3
c - Ozocubu's Armour      Ice            28%        N/A       2%          3

Your spell library contained the following spells:

 Spells                   Type           Power      Damage    Failure   Level
 Hailstorm                Conj/Ice       18%        3d6       26%         4


Dungeon Overview and Level Annotations

Branches:
Dungeon (3/15)

Altars:
Xom

Annotations:
D:3 Grinder


Innate Abilities, Weirdness & Mutations

You have very sharp teeth.
Your uncanny sense of smell can sniff out nearby items.
Your experience applies equally to all skills.


Message History

You slash Grinder!
Grinder is moderately wounded.
Grinder completely resists.
The wall freezes Grinder but does no damage.
Grinder gestures at you.
You suddenly lose the ability to move!
Grinder resists.
The wall freezes Grinder.
Grinder gestures at you. Pain shoots through your body!
Grinder completely resists.
The wall freezes Grinder but does no damage.
Grinder hits you.
You writhe in agony.
You can move again.
You completely miss Grinder.
Grinder is heavily wounded.
The frozen ramparts melt away.
Grinder blinks!
Grinder hits you.
Casting: Freeze (safe; 1% risk of failure)
Confirm with . or Enter, or press ? or * to list all spells.
Casting: Frozen Ramparts (dangerous; 2% risk of failure)
Press: ? - help, Dir - look around, f - activate The walls around you are covered in ice.
Grinder looks more healthy.
The wall freezes Grinder but does no damage.
Grinder closely misses you.
You slash Grinder! You bite Grinder, but do no damage.
Grinder is severely wounded.
Grinder resists.
The wall freezes Grinder.
Grinder hits you!
Casting: Frozen Ramparts (dangerous; 2% risk of failure)
Confirm with . or Enter, or press ? or * to list all spells.
Aiming: Freeze (safe; 1% risk of failure)
Press: ? - help, Shift-Dir - straight line, f - Grinder
Aim: Grinder (almost dead, strong)
You freeze Grinder.
Grinder resists.
Grinder is almost dead.
Grinder completely resists.
The wall freezes Grinder but does no damage.
Grinder hits you.
* * * LOW HITPOINT WARNING * * *
You writhe in agony.
You die...

.# ## ∆ # #### ...#
##.... # ### #######.##
#.@.((.... ###########
#5#####.## ##.........#
#.#
.........#.####.#####.#
##.#####..............#
#.# ##.#####.#######
#.# #.# #.# #.# #.# #.#
##.# #(. ..#


You could see Grinder (strong).

Vanquished Creatures
  2 adders
  4 dart slugs
  4 orcs (D:3)
  7 ball pythons
  6 endoplasms
  3 giant cockroaches
  4 goblins
  6 hobgoblins
  7 jackals
  3 quokkas
  9 bats
  3 frilled lizards
  4 kobolds
  3 rats
65 creatures vanquished.

Vanquished Creatures (others)
  An adder (D:3)
  A quokka (D:3)
  2 ball pythons (D:3)
  2 kobolds (D:3)
6 creatures vanquished.

Grand Total: 71 creatures vanquished

Notes
Turn   | Place    | Note
-------+----------+-------------------------------------------
     0 | D:1      | croobank the Gnoll Ice Elementalist began the quest for the
                  | Orb.
     0 | D:1      | Reached XP level 1. HP: 13/13 MP: 6/6
     2 | D:1      | Noticed a human
     2 | D:1      | Noticed a ghoul
     4 | D:1      | Noticed a palentonga
     6 | D:1      | Noticed a spriggan
     6 | D:1      | Noticed a vampire
     8 | D:1      | Noticed an octopode
     8 | D:1      | Noticed a troll
    10 | D:1      | Noticed a merfolk
    10 | D:1      | Noticed a gargoyle
    12 | D:1      | Noticed a demigod
    12 | D:1      | Noticed a felid
    14 | D:1      | Noticed an ogre
    16 | D:1      | Noticed a vine stalker
    16 | D:1      | Noticed a naga
    18 | D:1      | Noticed a meteoran
    18 | D:1      | Noticed a formicid
    20 | D:1      | Noticed a demonspawn
    20 | D:1      | Noticed a minotaur
    22 | D:1      | Noticed a draconian
    22 | D:1      | Noticed a tengu
    24 | D:1      | Noticed a troll
    26 | D:1      | Noticed a felid
    26 | D:1      | Noticed a felid
    67 | D:1      | Reached XP level 2. HP: 5/19 MP: 0/7
   777 | D:1      | Found a faded altar of an unknown god.
   786 | D:1      | Reached skill level 5 in Spellcasting
   786 | D:1      | Reached XP level 3. HP: 25/25 MP: 7/9
   790 | D:1      | Learned a level 3 spell: Frozen Ramparts
  1037 | D:1      | Reached skill level 1 in Invocations
  1328 | D:2      | Reached skill level 1 in Fighting
  1328 | D:2      | Reached skill level 1 in Short Blades
  1328 | D:2      | Reached skill level 1 in Long Blades
  1328 | D:2      | Reached skill level 1 in Axes
  1328 | D:2      | Reached skill level 1 in Maces & Flails
  1328 | D:2      | Reached skill level 1 in Polearms
  1328 | D:2      | Reached skill level 1 in Staves
  1328 | D:2      | Reached skill level 1 in Ranged Weapons
  1328 | D:2      | Reached skill level 1 in Throwing
  1328 | D:2      | Reached skill level 1 in Armour
  1328 | D:2      | Reached skill level 1 in Shields
  1328 | D:2      | Reached skill level 1 in Unarmed Combat
  1328 | D:2      | Reached skill level 1 in Evocations
  1585 | D:2      | Reached XP level 4. HP: 31/32 MP: 7/11
  1895 | D:2      | Identified the +6 dagger of Compulsion {vorpal, Int+5
                  | Dex+4}
  2341 | D:2      | Learned a level 3 spell: Ozocubu's Armour
  2451 | D:3      | Found a shimmering altar of Xom.
  2500 | D:3      | Reached skill level 1 in Conjurations
  2500 | D:3      | Reached skill level 1 in Hexes
  2500 | D:3      | Reached skill level 1 in Summonings
  2500 | D:3      | Reached skill level 1 in Necromancy
  2500 | D:3      | Reached skill level 1 in Translocations
  2500 | D:3      | Reached skill level 1 in Transmutations
  2500 | D:3      | Reached skill level 1 in Fire Magic
  2500 | D:3      | Reached skill level 1 in Air Magic
  2500 | D:3      | Reached skill level 1 in Earth Magic
  2500 | D:3      | Reached skill level 1 in Poison Magic
  2865 | D:3      | Noticed Grinder
  2872 | D:3      | Paralysed by Grinder for 3 turns
  2878 | D:3      | Slain by Grinder

Illustrated notes

Levels and vault maps discovered:
D:1:      kb_arrival_jail, layout_basic, shapermc_ecumenical_altar_gd,
          amcnicky_mini_pool_small
D:2:      layout_loops_ring, kennysheep_generic_room_6
D:3:      layout_loops_ring, xom_confusion_cloud, uniq_grinder

Skill      XL: |  1  2  3  4 |
---------------+-------------+-----
Spellcasting   | 5 |  5.1
Invocations    | 1 |  1.4
Fighting       | 1 |  1.3
Short Blades   | 1 |  1.3
Long Blades    | 1 |  1.3
Axes           | 1 |  1.3
Maces & Flails | 1 |  1.3
Polearms       | 1 |  1.3
Staves         | 1 |  1.3
Ranged Weapons | 1 |  1.3
Throwing       | 1 |  1.3
Armour         | 1 |  1.3
Shields        | 1 |  1.3
Unarmed Combat | 1 |  1.3
Evocations     | 1 |  1.3
Conjurations   | 1 |  1.0
Hexes          | 1 |  1.0
Summonings     | 1 |  1.0
Necromancy     | 1 |  1.0
Translocations | 1 |  1.0
Transmutations | 1 |  1.0
Fire Magic     | 1 |  1.0
Air Magic      | 1 |  1.0
Earth Magic    | 1 |  1.0
Poison Magic   | 1 |  1.0
Dodging        | |  4.7
Stealth        | |  4.3
Ice Magic      | |  7.1

Action                   |  1- 3 |  4- 6 || total
-------------------------+-------+-------++-------
Melee: Unarmed           |    14 |       ||    14
       Dagger            |    37 |    29 ||    66
       Bite              |     3 |     7 ||    10
       Punch             |     1 |     2 ||     3
       War axe           |       |    13 ||    13
Throw: Dart              |       |     2 ||     2
 Cast: Freeze            |    24 |     4 ||    28
       Frozen Ramparts   |     5 |     7 ||    12
       Ozocubu's Armour  |       |     1 ||     1
  Use: Scroll            |     1 |     9 ||    10
 Stab: Sleeping          |     6 |     5 ||    11
Armor: Robe              |    16 |     8 ||    24
Dodge: Dodged            |    45 |    33 ||    78
